 Dungeon Crawl Stone Soup version 0.26.1-2-gb8aa6d0cf2 (webtiles) character file.

Game seed: 7130320447514344143

165 hawla the Magician (level 5, 0/29 HPs)
             Began as a Deep Elf Conjurer on Feb 26, 2021.
             Slain by a goblin
             ... wielding a +0 dagger
             ... led by Robin
              (4 damage)
             ... on level 2 of the Dungeon.
             The game lasted 00:06:28 (2394 turns).

hawla the Magician (Deep Elf Conjurer)              Turns: 2394, Time: 00:06:28

Health: 0/29       AC:  3    Str:  4    XL:     5   Next: 22%
Magic:  14/14      EV: 13    Int: 24    God:
Gold:   106        SH:  0    Dex: 15    Spells: 7/14 levels left

rFire    + . .     SeeInvis .   h - +1 whip (holy)
rCold    . . .     Faith    .   (no shield)
rNeg     + . .     Spirit   .   e - +1 robe {rF+}
rPois    .         Reflect  .   (no helmet)
rElec    .         Harm     .   (no cloak)
rCorr    .         Rampage  .   (no gloves)
Will     .....                  (no boots)
Stlth    ++........             (no amulet)
HPRegen  0.09/turn              f - ring of positive energy
MPRegen  0.14/turn              (no ring)

@: no status effects
A: agile 1, evolution 1
a: no special abilities


You were on level 2 of the Dungeon.
You visited 1 branch of the dungeon, and saw 2 of its levels.

You collected 106 gold pieces.

Inventory:

Hand Weapons
 h - a +1 whip of holy wrath (weapon)
Missiles
 d - a throwing net
Armour
 e - a +1 robe of fire resistance (worn)
Jewellery
 c - an uncursed amulet of faith {unknown}
 f - a ring of positive energy (left hand)
Wands
 b - a wand of random effects (12)
Scrolls
 a - a scroll of identify
 g - a scroll of remove curse
Potions
 i - a potion of cancellation


   Skills:
 + Level 1.1 Fighting
 + Level 0.3 Throwing
 + Level 3.1 Dodging
 + Level 3.2 Stealth
 + Level 5.1 Spellcasting
 + Level 5.0 Conjurations
 + Level 1.1 Translocations


You had 7 spell levels left.
You knew the following spells:

 Your Spells              Type           Power        Failure   Level
a - Magic Dart            Conj           100%         1%          1
b - Searing Ray           Conj           60%          1%          2
c - Iskenderun's Mystic   Conj/Tloc      21%          24%         4

Your spell library contained the following spells:

 Spells                   Type           Power        Failure   Level
 Dazzling Flash           Conj/Hex       36%          10%         3
 Fulminant Prism          Conj/Hex       9%           30%         4


Dungeon Overview and Level Annotations

Branches:
Dungeon (2/15)

Altars:
Gozag
Ru
Zin

Annotations:
D:2 Robin


Innate Abilities, Weirdness & Mutations

You are agile. (Dex +2)
You evolve.


Message History

The goblins go into a battle-frenzy!
The goblin hits you with a +0 dagger. The goblin hits you but does no damage.
You barely miss the goblin.
The goblin is moderately wounded.
The goblin hits you but does no damage.
A goblin comes into view.
The goblin hits you with a +0 dagger. The goblin hits you but does no damage.
The goblin completely misses you.
You closely miss the goblin.
The goblin is moderately wounded.
Robin throws the goblin at you! The goblin hits you with a +0 dagger.
The goblin hits you but does no damage. The goblin hits you with a +0 club!
* * * LOW HITPOINT WARNING * * *
The goblin hits you but does no damage.
It was a potion of mutation.
You feel extremely strange.
You feel nature experimenting on you.
Don't worry, failures die fast.
You feel agile. Robin throws the goblin at you! The goblin closely misses you.
The goblin hits you with a +0 dagger.
You die...

.............####'######
..............##...##...
..g........#.[.##_######
..)........#.)..### #
..........[#.....# #
.....g.......##[.# ####
....g...).....#..####...
......g.g####...........
.......@.# ##..........
####..ggg## ##.........
#......## ##........
#.......#####........ .
#..........>......###
..##......#####.........
#...###....##...........
#.)...................
#...........#.........


You could see Robin (fast) and 7 goblins.

Vanquished Creatures
  An orc priest (D:2)
  An orc wizard (D:2)
  Terence (D:2)
  2 adders (D:2)
  2 dart slugs (D:1)
  2 leopard geckos
  3 orcs (D:2)
  A ball python (D:2)
  5 bats
  3 giant cockroaches
  10 goblins
  5 hobgoblins
  8 jackals
  A quokka (D:2)
  3 frilled lizards
  6 kobolds
  8 rats
62 creatures vanquished.

Notes
Turn   | Place    | Note
-------+----------+-------------------------------------------
     0 | D:1      | hawla the Deep Elf Conjurer began the quest for the Orb.
     0 | D:1      | Reached XP level 1. HP: 10/10 MP: 6/6
   327 | D:1      | Reached XP level 2. HP: 15/15 MP: 5/8
   882 | D:1      | Reached skill level 1 in Translocations
   891 | D:1      | Learned a level 2 spell: Searing Ray
  1234 | D:1      | Reached XP level 3. HP: 20/20 MP: 7/9
  1703 | D:2      | Found a glowing silver altar of Zin.
  1705 | D:2      | Found a sacrificial altar of Ru.
  1708 | D:2      | Found an opulent altar of Gozag.
  1853 | D:2      | Noticed Terence
  1860 | D:2      | Reached skill level 1 in Fighting
  1860 | D:2      | Reached XP level 4. HP: 19/25 MP: 9/12
  1862 | D:2      | Killed Terence
  1863 | D:2      | Reached skill level 5 in Conjurations
  1883 | D:2      | Reached skill level 5 in Spellcasting
  1888 | D:2      | Learned a level 4 spell: Iskenderun's Mystic Blast
  2092 | D:2      | Reached XP level 5. HP: 27/29 MP: 5/14
  2318 | D:2      | Noticed Robin
  2394 | D:2      | Gained mutation: You evolve. [potion of mutation]
  2394 | D:2      | Gained mutation: You are agile. (Dex +2) [potion of
                  | mutation]
  2394 | D:2      | Slain by a goblin

Illustrated notes

Levels and vault maps discovered:
D:1:      dpeg_arrival_rooms_b, layout_basic, minmay_octomino_j4
D:2:      layout_rooms, grunt_temple_overflow_diamond, uniq_terence, uniq_robin

Skill      XL: |  1  2  3  4 |
---------------+-------------+-----
Translocations | 1 |  1.1
Stealth        | 3 |  3.2
Dodging        | 3 |  3.1
Fighting       | 1 |  1.1
Spellcasting   | 4 5 |  5.1
Conjurations   | 5 |  5.0
Throwing       | |  0.3

Action                   |  1- 3 |  4- 6 || total
-------------------------+-------+-------++-------
Melee: Whip              |    16 |     4 ||    20
 Cast: Magic Dart        |    76 |    13 ||    89
       Searing Ray       |     4 |    10 ||    14
  Use: Scroll            |     5 |       ||     5
       Potion            |     1 |     1 ||     2
Armor: Robe              |     6 |     6 ||    12
Dodge: Dodged            |    34 |    13 ||    47
